 Dungeon Crawl Stone Soup version 0.27.1-4-g1640c2035a (webtiles) character file.

Game seed: 714711648278832845

535 cdecastro the Spear-Bearer (level 7, -6/47 (50) HPs)
             Began as a Merfolk Gladiator on Nov 1, 2021.
             Mangled by an ice devil (12 damage)
             ... summoned by a kobold demonologist
             ... on level 5 of the Dungeon on Nov 10, 2021.
             The game lasted 00:09:04 (4100 turns).

cdecastro the Spear-Bearer (Merfolk Gladiator)      Turns: 4100, Time: 00:09:05

HP:   -6/47 (50)    AC:  8    Str: 16    XL:     7   Next: 25%
MP:   7/7           EV: 14    Int:  8    God:
Gold: 89            SH:  0    Dex: 27    Spells: 6/6 levels left

rFire    . . .     SeeInvis .   a - +0 trident
rCold    . . .     Faith    .   (no shield)
rNeg     . . .     Spirit   .   i - +0 ring mail
rPois    .         Reflect  .   c - +0 helmet
rElec    .         Harm     .   (no cloak)
rCorr    .         Rampage  .   k - +0 pair of gloves
Will     .....                  g - +0 pair of boots
Stlth    +.........             (no amulet)
HPRegen  0.15/turn              l - +6 ring of dexterity
MPRegen  0.10/turn              H - +6 ring of dexterity

@: on fire, glowing, drained
A: (nimble swimmer 2), mertail
a: no special abilities


You were on level 5 of the Dungeon.
You visited 1 branch of the dungeon, and saw 6 of its levels.

You collected 187 gold pieces.
You spent 98 gold pieces at shops.

Inventory:

Hand Weapons
 a - a +0 trident (weapon)
 j - a +0 dagger of electrocution
Missiles
 d - 3 throwing nets
 m - 148 stones
 n - 66 bolts
 p - 48 arrows
 u - 6 poisoned darts (quivered)
Armour
 b - a +0 leather armour
 c - a +0 helmet (worn)
 g - a +0 pair of boots (worn)
 i - a +0 ring mail (worn)
 k - a +0 pair of gloves (worn)
 w - a +0 scale mail
Jewellery
 l - a +6 ring of dexterity (left hand)
 q - a ring of protection from cold
 G - an amulet of magic regeneration
 H - a +6 ring of dexterity (right hand)
Wands
 t - a wand of paralysis (7)
Scrolls
 e - a scroll of amnesia {unknown}
 f - 3 scrolls of magic mapping {unknown}
 h - 3 scrolls of identify {unknown}
 s - a scroll of fear {unknown}
 x - a scroll of acquirement {unknown}
 y - a scroll of teleportation {unknown}
 C - 2 scrolls of noise {unknown}
 D - a scroll of torment {unknown}
Potions
 o - a potion of curing {unknown}
 r - a potion of cancellation {unknown}
 v - 2 potions of haste {unknown}
 z - 2 potions of resistance {unknown}
 A - 2 potions of invisibility {unknown}
 B - 2 potions of mutation {unknown}
 E - a potion of flight {unknown}
 F - a potion of attraction {unknown}


   Skills:
 - Level 2.1 Fighting
 + Level 11.3 Polearms
 - Level 2.0 Throwing
 - Level 4.0 Dodging


You had 6 spell levels left.
You didn't know any spells.
Your spell library contained the following spells:

 Spells                   Type           Power      Damage    Failure   Level
 Shock                    Conj/Air       0%         1d3       63%         1
 Static Discharge         Conj/Air       0%         N/A       77%         2
 Conjure Ball Lightning   Conj/Air       0%         3x3d6     100%        6
 Borgnjor's Revivificati  Necr           0%         N/A       100%        8
 Necromutation            Tmut/Necr      0%         N/A       100%        8
 Death's Door             Necr           0%         N/A       100%        9


Dungeon Overview and Level Annotations

Branches:
Dungeon (6/15)
 Temple: D:4-7

Altars:

Shops:
D:5 *

Annotations:
D:2 not done
D:4 not done


Innate Abilities, Weirdness & Mutations

((You are quick and stealthy near water. (Stealth+, EV+, Speed+++)))
Your lower body shifts to a powerful aquatic tail in water.


Message History

You hit the kobold demonologist but do no damage.
The kobold demonologist is severely wounded.
You are covered in liquid flames!
* * * LOW HITPOINT WARNING * * *
The kobold demonologist gestures wildly while chanting.
The smoke demon hits you but does no damage. x3
You closely miss the kobold demonologist.
The kobold demonologist is severely wounded.
You are covered in liquid flames!
* * * LOW HITPOINT WARNING * * *
The kobold brigand hits you but does no damage.
The quasit bites you but does no damage.
The quasit claws you but does no damage.
The quasit misses you.
The kobold demonologist completely misses you.
The smoke demon gestures at you. The sticky flame hits you.
You are covered in liquid flames!
* * * LOW HITPOINT WARNING * * *
You hit the kobold demonologist but do no damage.
The kobold demonologist is severely wounded.
You are covered in liquid flames!
* * * LOW HITPOINT WARNING * * *
The ice devil completely misses you. The quasit bites you.
* * * LOW HITPOINT WARNING * * *
The quasit barely misses you.
The quasit claws you but does no damage.
The kobold brigand misses you.
The kobold demonologist barely misses you.
Unknown command.
You hit the kobold demonologist but do no damage.
The kobold demonologist is severely wounded.
You are covered in liquid flames!
* * * LOW HITPOINT WARNING * * *
The quasit closely misses you. The quasit barely misses you.
The quasit misses you. The smoke demon hits you.
* * * LOW HITPOINT WARNING * * *
The smoke demon hits you but does no damage. x2
The ice devil hits you!
You die...

#.#.##.........#.#........#
..#.##....#.#..#.#........#
#......#.......#.#........#
.##....#..#.##.#..........#######
.......#..#.##.#.................
######.#.........................
....##.#..........#.#####†.......
###.#.......###K4.#.#............
.......#......3K@3#.#............
.#..#.##.#.....5#.#.#............
.#..#..#.####...#.#.#.....<......
.#..#..#.#...<....#.#.....#######
.#.........####.###)#.....#
.#.###.#.#.####.# #)#.....#
.#...#.#.#....#.# #)#.....#
.###.#.....##.#.# #.#.....# .#
#.###.#..#.#.# #.#.....#


You could see an ice devil (summoned), a kobold demonologist, a smoke demon
(summoned), a ynoxinul (summoned), a kobold brigand and a quasit (summoned).

Vanquished Creatures
  An ogre (D:5)
  A scorpion (D:5)
  A water moccasin skeleton (D:3)
  A howler monkey (D:4)
  A centaur zombie (D:5)
  A jelly (D:5)
  2 hounds (D:5)
  An orc priest (D:5)
  An iguana (D:5)
  4 adders
  2 gnolls (D:1)
  6 orcs (D:5)
  4 bats
  3 endoplasms
  A giant cockroach (D:1)
  11 goblins
  3 hobgoblins
  3 jackals (D:4)
  12 kobolds
  4 quokkas
  5 ball pythons
  A frilled lizard (D:3)
  5 rats
74 creatures vanquished.

Vanquished Creatures (others)
  A kobold (D:6)
1 creature vanquished.

Grand Total: 75 creatures vanquished

Notes
Turn   | Place    | Note
-------+----------+-------------------------------------------
     0 | D:1      | cdecastro the Merfolk Gladiator began the quest for the
                  | Orb.
     0 | D:1      | Reached XP level 1. HP: 16/16 MP: 1/1
    71 | D:1      | Reached skill level 5 in Polearms
   206 | D:1      | Reached XP level 2. HP: 17/22 MP: 2/2
   444 | D:1      | Reached skill level 6 in Polearms
   444 | D:1      | Reached XP level 3. HP: 9/27 MP: 3/3
  1409 | D:1      | Reached skill level 7 in Polearms
  1409 | D:1      | Reached XP level 4. HP: 28/33 MP: 4/4
  1705 | D:3      | Found a faded altar of an unknown god.
  1708 | D:3      | Reached skill level 8 in Polearms
  1724 | D:3      | Reached XP level 5. HP: 38/38 MP: 5/5
  1969 | D:3      | Got the Handbook of Flight
  2671 | D:4      | Reached skill level 9 in Polearms
  2791 | D:4      | Noticed a black bear
  2837 | D:5      | Entered Level 5 of the Dungeon
  2883 | D:5      | Reached XP level 6. HP: 44/44 MP: 6/6
  3058 | D:5      | Found Letimm's Assorted Antiques.
  3064 | D:5      | Bought a scroll labelled WOTIPL YKASA for 26 gold pieces
  3064 | D:5      | Bought a fizzy amethyst potion for 23 gold pieces
  3064 | D:5      | Bought a puce potion for 23 gold pieces
  3064 | D:5      | Bought a scroll labelled CENAEL WALAC for 26 gold pieces
  3154 | D:5      | Reached skill level 10 in Polearms
  3674 | D:5      | Reached skill level 11 in Polearms
  3674 | D:5      | Reached XP level 7. HP: 22/50 MP: 7/7
  3938 | D:6      | Noticed a kobold demonologist
  3942 | D:6      | Noticed a neqoxec
  4091 | D:5      | Noticed a smoke demon
  4095 | D:5      | Noticed an ice devil
  4098 | D:5      | Noticed a ynoxinul
  4100 | D:5      | Mangled by an ice devil

Illustrated notes

Levels and vault maps discovered:
D:1:      lightli_arrival_statuegarden, layout_loops_ring
D:2:      layout_rooms, serial_shops, nicolae_diamond_shop, uniq_sigmund,
          uniq_terence
D:3:      layout_basic, hellmonk_ecumenical_altar_lost_god
D:4:      layout_basic
D:5:      layout_basic, serial_shops, nicolae_shop_waterfront
D:6:      layout_rooms, jmf_multi_god_temple, serial_shops,
          kennysheep_little_box, uniq_eustachio

Skill      XL: |  1  2  3  4  5  6 |
---------------+-------------------+-----
Polearms       | 5 6 7 8 9 11 | 11.3
Fighting       | |  2.1
Throwing       | |  2.0
Dodging        | |  4.0

Action                   |  1- 3 |  4- 6 |  7- 9 || total
-------------------------+-------+-------+-------++-------
Melee: Trident           |    82 |   135 |    21 ||   238
 Stab: Sleeping          |     1 |       |       ||     1
Armor: Leather armour    |    10 |       |       ||    10
       Ring mail         |     4 |    26 |    24 ||    54
Dodge: Dodged            |    39 |    62 |    24 ||   125
